 Dungeon Crawl Stone Soup version 0.28-a0-773-g130ae17fe5 (webtiles) character file.

Game seed: 13763322763846421648

113641 Prsk the Warrior (level 16, -2/124 HPs)
             Began as a Demonspawn Brigand on Nov 1, 2021.
             Was the Champion of Hepliaklqana.
             Slain by an enormous slime creature (58 damage)
             ... on level 15 of the Dungeon on Nov 2, 2021.
             The game lasted 05:18:01 (33616 turns).

Prsk the Warrior (Demonspawn Brigand)              Turns: 33616, Time: 05:18:01

Health: -2/124     AC: 28    Str: 21    XL:     16   Next: 14%
Magic:  7/7        EV: 16    Int: 15    God:    Hepliaklqana [******]
Gold:   2206       SH:  5    Dex: 18    Spells: 15/15 levels left

rFire   + . .      SeeInvis .   D - +11 rapier of Tenacity {antimagic, rPois rF+ rCorr Str-2}
rCold   . . .      Faith    +   L - +0 buckler
rNeg    + . .      Spirit   .   U - +4 swamp dragon scales "Ymussea" {Rampage rPois rN+ Dex+3}
rPois   +          Reflect  .   X - +2 hat {Will+}
rElec   .          Harm     .   c - +0 cloak
rCorr   +          Rampage  +   b - +1 pair of gloves
Will    +++..                   B - +0 pair of boots
Stlth   +++.......              g - amulet "Babboneh" {Faith Drain Will+ Str+7}
HPRegen 0.30/turn               k - +4 ring of protection
MPRegen 0.20/turn               v - +4 ring of slaying

@: studying Evocations
A: reduced essence, thin metallic scales 2, magic regeneration, demonic magic 3,
weakness stinger 2
a: Renounce Religion, Recall Ancestor, Ancestor Identity, Transference, Idealise


You were on level 15 of the Dungeon.
You worshipped Hepliaklqana.
Hepliaklqana was exalted by your worship.
You visited 3 branches of the dungeon, and saw 23 of its levels.
You also visited: Ice Cave.

You collected 2643 gold pieces.
You spent 437 gold pieces at shops.

Inventory:

Hand Weapons
 i - the +2 hunting sling of Cobwebs {vorpal, Fly rF- SInv Stlth+}
   (You took it off a vampire on level 13 of the Dungeon)

   Any ammunition fired from it inflicts extra damage upon your enemies.
   rF:        It makes you vulnerable to fire.
   SInv:      It lets you see invisible.
   Fly:       It grants you flight.
   Stlth:     It makes you more stealthy.
 p - a +7 hunting sling of freezing
 D - the +11 rapier of Tenacity (weapon) {antimagic, rPois rF+ rCorr Str-2}
   (You found it in an ice cave)

   It reduces the magical energy of the wielder, and disrupts the spells and
   magical abilities of those it strikes.
   Natural abilities and divine invocations are not affected.
   Str:       It affects your strength (-2).
   rF:        It protects you from fire.
   rPois:     It protects you from poison.
   rCorr:     It protects you from acid and corrosion.
 O - the +7 scimitar of the Thieving Pariah {spect, rN++ Int+3 Dex-4}
   (You found it on level 12 of the Dungeon)

   When its wielder attacks, the weapon's spirit leaps out and strikes again.
   The spirit shares a part of any damage it takes with its wielder.
   Int:       It affects your intelligence (+3).
   Dex:       It affects your dexterity (-4).
   rN:        It greatly protects you from negative energy.
 W - a +0 falchion of protection
Missiles
 a - 16 boomerangs (quivered)
 d - 30 poisoned darts
 F - 6 javelins
 J - 9 curare-tipped darts
 Q - 114 sling bullets
 V - a throwing net
Armour
 b - a +1 pair of gloves (worn)
 c - a +0 cloak (worn)
 B - a +0 pair of boots (worn)
 L - a +0 buckler (worn)
 U - the +4 swamp dragon scales "Ymussea" (worn) {Rampage rPois rN+ Dex+3}
   (You found it on level 9 of the Dungeon)

   Dex:       It affects your dexterity (+3).
   rPois:     It protects you from poison.
   rN:        It protects you from negative energy.
   Rampage:   It bestows one free step when moving towards enemies.
 X - a +2 hat of willpower (worn)
Jewellery
 g - the amulet "Babboneh" (around neck) {Faith Drain Will+ Str+7}
   (You took it off a tengu reaver on level 13 of the Dungeon)

   [amulet of faith]

   It allows you to gain divine favour quickly.
   Str:       It affects your strength (+7).
   Drain:     It drains your maximum health when unequipped.
   Will:      It increases your willpower.
 k - a +4 ring of protection (left hand)
 v - a +4 ring of slaying (right hand)
 z - a ring of see invisible
 I - a ring of ice
 R - a ring of protection from fire
 S - the ring "Bipyupsun" {+Blink rPois rN+ rCorr}
   (You acquired it on level 3 of the Lair of Beasts)

   [ring of resist corrosion]

   rPois:     It protects you from poison.
   rN:        It protects you from negative energy.
   +Blink:    It lets you blink.
   rCorr:     It protects you from acid and corrosion.
Wands
 e - a wand of iceblast (13)
 m - a wand of flame (45)
 y - a wand of polymorph (9)
 A - a wand of paralysis (22)
 T - a wand of acid (4)
 Y - a wand of mindburst (35)
Scrolls
 f - 2 scrolls of summoning
 h - a scroll of holy word {unknown}
 j - a scroll of torment {unknown}
 l - 4 scrolls of fog {unknown}
 q - 7 scrolls of fear
 s - 4 scrolls of teleportation
 G - 2 scrolls of silence {unknown}
 K - 3 scrolls of magic mapping
 N - 3 scrolls of blinking
Potions
 o - 6 potions of curing
 r - 4 potions of might
 t - 4 potions of brilliance
 u - a potion of heal wounds
 w - a potion of ambrosia
 x - a potion of cancellation {unknown}
 C - 3 potions of resistance {unknown}
 E - 4 potions of haste
 H - 3 potions of flight {unknown}
 P - a potion of magic
Miscellaneous
 M - a box of beasts
 Z - a phantom mirror


   Skills:
 + Level 15.9 Fighting
 + Level 8.6(11.2) Short Blades
 - Level 11.4(12.6) Long Blades
 - Level 11.9(12.0) Slings
 - Level 2.3(8.0) Throwing
 + Level 9.9 Armour
 + Level 8.2 Dodging
 - Level 6.1 Stealth
 - Level 4.0 Shields
 - Level 9.0 Invocations
 * Level 8.4 Evocations


You had 15 spell levels left.
You didn't know any spells.
Your spell library contained the following spells:

 Spells                   Type           Power      Damage    Failure   Level
 Animate Skeleton         Necr           0%         N/A       36%         1
 Apportation              Tloc           0%         N/A       36%         1
 Sandblast                Erth           0%         2d4       36%         1
 Sting                    Tmut/Pois      0%         1d3       36%         1
 Summon Small Mammal      Summ           0%         N/A       36%         1
 Passwall                 Tmut/Erth      0%         N/A       52%         2
 Poisonous Vapours        Pois/Air       0%         N/A       52%         2
 Sublimation of Blood     Necr           0%         N/A       52%         2
 Gell's Gravitas          Tloc           0%         N/A       75%         3
 Lesser Beckoning         Tloc           0%         N/A       75%         3
 Stone Arrow              Conj/Erth      0%         3d7       75%         3
 Summon Guardian Golem    Hex/Summ       0%         N/A       75%         3
 Swiftness                Air            0%         N/A       75%         3
 Teleport Other           Tloc           0%         N/A       75%         3
 Animate Dead             Necr           0%         N/A       98%         4
 Olgreb's Toxic Radiance  Pois           0%         N/A       98%         4
 Petrify                  Tmut/Erth      0%         N/A       98%         4
 Borgnjor's Vile Clutch   Necr/Erth      0%         N/A       100%        5
 Irradiate                Conj/Tmut      0%         3d14      100%        5
 Death Channel            Necr           0%         N/A       100%        6
 Invisibility             Hex            0%         N/A       100%        6
 Orb of Destruction       Conj           0%         N/A       100%        7
 Spellforged Servitor     Conj/Summ      0%         N/A       100%        7
 Borgnjor's Revivificati  Necr           0%         N/A       100%        8
 Necromutation            Tmut/Necr      0%         N/A       100%        8
 Death's Door             Necr           0%         N/A       100%        9


Dungeon Overview and Level Annotations

Branches:
Dungeon (15/15)            Temple (0/1) D:7            Lair (6/6) D:11
  Swamp (0/4) Lair:3       Spider (0/4) Lair:2        Slime (0/5) Lair:6
    Orc (2/2) D:10            Elf (0/3) Orc:2        Vaults (0/5) D:14
 Depths (0/4) D:15          IceCv (visited)

Altars:
Cheibriados
Fedhas
Gozag
Hepliaklqana
Nemelex Xobeh
Okawaru
Sif Muna
Vehumet
Wu Jian
Xom
Yredelemnul
Zin
The Shining One
Beogh
Jiyva

Shops:
D:7 :   D:14 !   D:15 [   Orc:2 (*=[

Portals:
Abyss: Lair:4

Annotations:
Lair:4 2 transporters, Tessuop's ghost, journeyman VSFi
Lair:5 2 transporters, Soborki's ghost, journeyman MiBe


Innate Abilities, Weirdness & Mutations

Your life essence is reduced to manifest your ancestor. (-10% HP)
You are mostly covered in thin metallic scales. (AC +3)
You regenerate magic rapidly.
Spells you cast and wands you use may paralyse nearby enemies.
You have a tail ending in a sharp stinger.


Message History

The very large slime creature goes berserk!
You puncture the very large slime creature!
The very large slime creature is severely wounded.
The moth of wrath changes into an elephant!
Xiloxoch hits the very large slime creature with a +0 dagger of draining.
Xiloxoch drains the very large slime creature.
You barely miss the very large slime creature.
The very large slime creature is severely wounded.
The very large slime creature barely misses you.
Xiloxoch points at the very large slime creature and mumbles some strange words.
The very large slime creature resists with some effort.
A large slime creature splits.
You catch the helpless very large slime creature completely off-guard!
You impale the very large slime creature!!
The very large slime creature is severely wounded.
The very large slime creature barely misses you.
You hit the very large slime creature.
You tail-slap the very large slime creature!
The very large slime creature is almost dead.
The very large slime creature hits you!!!
Xiloxoch hits the very large slime creature with a +0 dagger of draining!
Two slime creatures merge to form an enormous slime creature.
You impale the enormous slime creature!!
You tail-slap the enormous slime creature!
The enormous slime creature is severely wounded.
The elephant changes into a floating eye!
Xiloxoch closely misses the enormous slime creature.
You barely miss the enormous slime creature.
You tail-slap the enormous slime creature.
The enormous slime creature is almost dead.
The enormous slime creature hits you!!
You hit the enormous slime creature.
The enormous slime creature is almost dead.
The enormous slime creature completely misses you.
Xiloxoch hits the enormous slime creature with a +0 dagger of draining!
You puncture the enormous slime creature!
The enormous slime creature is almost dead.
The floating eye's view fixates on you. The enormous slime creature hits you!!!
You die...

....######.#.....#...............
...........#.....#...............
...........#####'#......######...
........................# ####
........................## #
.........................# #
....†......###.######....# #
..........## ###..#.##...# #
...#'###..# #@R...#...# #
...#...#.## #J##.##...# #
...#...#.#>..u..G##..#...########
#..'...#.##....###...#...........
#..#...#..#J..# #..###......#####
#..#...#..##.# ##.##........# #
#..#...#...#####...##.......# #
#..#...#......#..)..#.......# #
#..#####......#.....#.......# #


You could see the friendly Xiloxoch the hexer, an enormous slime creature
(berserk, drained, ally target) and a floating eye shaped shifter (charged).

Vanquished Creatures
  A tengu reaver (D:13)
  A stone giant (D:13)
  A deep elf annihilator (D:13)
  3 ettins
  Snorg (D:13)
  2 fire dragons (D:13)
  A great orb of eyes (D:15)
  Josephine (Lair:4)
  9 hydras
  A vault guard (D:14)
  3 catoblepae
  4 boulder beetles
  A rakshasa (D:15)
  6 centaur warriors (D:13)
  8 two-headed ogres
  The ghost of Conn the Thaumaturge, a journeyman OpFE of Sif Muna (Lair:2)
  3 death yaks (Lair:6)
  Sonja (D:13)
  4 skeletal warriors
  A phantasmal warrior (D:13)
  6 lindwurms
  3 deep elf pyromancers
  2 wizards
  An orc knight (Orc:2)
  4 necromancers (D:14)
  11 ugly things
  2 oklob plants (Lair:1)
  9 cyclopes
  3 orc sorcerers
  5 manticores
  10 elephants
  6 black mambas
  A gargoyle (D:13)
  An ice statue (IceCv)
  4 torpor snails (Lair:6)
  5 rime drakes
  A kobold demonologist (D:9)
  13 cane toads
  A freezing wraith (D:15)
  Maggie (D:6)
  An efreet (D:13)
  3 komodo dragons
  2 anaconda simulacra (IceCv)
  2 tengu conjurers
  4 meliai
  8 trolls
  5 hornets (Lair:6)
  2 polar bears
  4 tyrant leeches (Lair:6)
  2 slime creatures (D:13)
  15 blink frogs
  10 dream sheep
  Sigmund (D:2)
  45 yaks
  A shadow (D:12)
  5 wyverns
  A dire elephant simulacrum (IceCv)
  2 vampires
  3 basilisks
  4 fire bats (Orc:2)
  6 wraiths
  16 humans (D:14)
  2 vampire mosquitoes (D:13)
  3 death yak simulacra (IceCv)
  5 wargs
  A swamp worm (Lair:3)
  A harpy simulacrum (IceCv)
  16 water moccasins
  20 orc warriors
  An ice beast (D:5)
  2 black bears
  2 necrophages (D:7)
  4 sky beasts
  4 wolves (Lair:3)
  2 centaurs
  An ogre (D:6)
  9 bullfrogs
  A water moccasin zombie (D:7)
  2 two-headed ogre simulacra (IceCv)
  A scorpion (D:4)
  7 killer bees (D:9)
  A water moccasin skeleton (D:4)
  An elephant simulacrum (IceCv)
  3 wights
  A howler monkey (D:9)
  3 electric eels
  A hexer (Lair:1)
  2 hounds
  A centaur zombie (D:9)
  2 bullfrog zombies
  A gnoll shaman (D:7)
  8 orc priests
  3 iguanas
  15 orc wizards
  A troll simulacrum (IceCv)
  A killer bee zombie (D:7)
  2 spriggan simulacra (IceCv)
  2 adders
  6 gnolls
  6 naga simulacra (IceCv)
  A shadow imp (D:4)
  3 white imps (IceCv)
  2 ufetubi (IceCv)
  57 orcs
  2 bats
  5 endoplasms
  3 giant cockroaches
  4 goblins
  6 hobgoblins
  2 jackals (D:3)
  2 quokkas
  3 ball pythons
  2 frilled lizards
  12 kobolds
  5 rats
537 creatures vanquished.

Vanquished Creatures (collateral kills)
  A stone giant (Orc:2)
  A dire elephant (Lair:6)
  An ettin (Orc:1)
  A great orb of eyes (D:13)
  4 hydras
  An ice dragon (Lair:6)
  2 two-headed ogres
  An orc high priest (Orc:1)
  A lindwurm (Lair:6)
  3 ugly things
  3 elephants (Lair:6)
  A black mamba (Lair:6)
  A torpor snail (Lair:6)
  3 cane toads
  An unseen horror (D:7)
  A komodo dragon (D:11)
  An efreet (D:13)
  2 meliai (D:12)
  A hornet (Lair:6)
  4 blink frogs
  A dream sheep (Lair:3)
  4 yaks
  2 wraiths
  2 wyverns
  3 humans (D:14)
  A steam dragon (D:10)
  A vampire mosquito (D:13)
  3 water moccasins
  A sky beast (D:5)
  A centaur (D:7)
  An ogre (D:5)
  A phantom (D:4)
  A kobold brigand (D:8)
  A bullfrog (D:9)
  A gnoll sergeant (D:7)
  5 scorpions
  A cane toad simulacrum (IceCv)
  2 two-headed ogre simulacra (IceCv)
  An elephant simulacrum (IceCv)
  3 killer bees (D:9)
  A wight (D:8)
  A centaur zombie (D:7)
  3 orc priests (D:10)
  Crazy Yiuf (D:7)
  An orc wizard (D:8)
  3 iguanas
  2 spriggan simulacra (IceCv)
  3 troll simulacra (IceCv)
  A howler monkey zombie (D:9)
  2 gnolls (D:7)
  2 naga simulacra (IceCv)
  An adder (D:3)
  4 white imps
  A worm (D:6)
  4 orcs
  A ball python (D:1)
  An endoplasm (D:3)
  2 giant cockroaches
  A goblin (D:2)
  2 jackals (D:3)
  3 kobolds
  A quokka (D:4)
  A frilled lizard (D:2)
  2 rats
114 creatures vanquished.

Vanquished Creatures (others)
  14 hexers
  An ancestor (D:2)
  59 fungi
  58 plants
132 creatures vanquished.

Grand Total: 783 creatures vanquished

Notes
Turn   | Place    | Note
-------+----------+-------------------------------------------
     0 | D:1      | Prsk the Demonspawn Brigand began the quest for the Orb.
     0 | D:1      | Reached XP level 1. HP: 16/16 MP: 1/1
   209 | D:1      | Found a faded altar of an unknown god.
   220 | D:1      | Prayed at the altar of an unknown god.
   220 | D:1      | Became a worshipper of Hepliaklqana the Forgotten
   220 | D:1      | Reached * piety under Hepliaklqana
   351 | D:1      | Gained mutation: You have a small tail. [demonic ancestry]
   351 | D:1      | Reached XP level 2. HP: 19/19 MP: 2/2
  1159 | D:2      | Noticed Sigmund
  1172 | D:2      | Killed Sigmund
  1173 | D:2      | Reached skill level 1 in Slings
  1173 | D:2      | Reached skill level 1 in Dodging
  1173 | D:2      | Reached skill level 5 in Stealth
  1173 | D:2      | Reached XP level 3. HP: 14/25 MP: 3/3
  1173 | D:2      | Gained mutation: You are partially covered in thin metallic
                  | scales. (AC +2) [demonic ancestry]
  1173 | D:2      | Reached XP level 4. HP: 17/30 MP: 4/4
  1173 | D:2      | Reached XP level 5. HP: 20/35 MP: 5/5
  1473 | D:3      | Reached ** piety under Hepliaklqana
  1474 | D:3      | Remembered your ancestor Xiloxoch as a hexer
  1551 | D:3      | Found an iron altar of Okawaru.
  2092 | D:3      | Found an opulent altar of Gozag.
  2177 | D:4      | Identified the +1 ring mail of Wogg {*Corrode rF+ Int+3
                  | Dex+5}
  2219 | D:4      | Identified the +3 ring mail of the Kangaroo {Regen+}
  2408 | D:4      | Reached XP level 6. HP: 41/41 MP: 6/6
  2616 | D:5      | Entered Level 5 of the Dungeon
  2680 | D:4      | Reached skill level 1 in Armour
  2739 | D:5      | Reached *** piety under Hepliaklqana
  2779 | D:5      | Reached XP level 7. HP: 45/45 MP: 7/7
  2956 | D:5      | Reached skill level 3 in Fighting
  3472 | D:5      | Reached skill level 5 in Slings
  3472 | D:5      | Gained mutation: You are mostly covered in thin metallic
                  | scales. (AC +3) [demonic ancestry]
  3472 | D:5      | Reached XP level 8. HP: 51/52 MP: 8/8
  3501 | D:6      | Noticed an angel
  3504 | D:6      | Found a shimmering altar of Xom.
  3691 | D:6      | Found a radiant altar of Vehumet.
  3833 | D:6      | Found an ornate altar of the Wu Jian Council.
  3935 | D:6      | Noticed a two-headed ogre
  3944 | D:6      | Killed a two-headed ogre
  3945 | D:6      | Reached skill level 4 in Fighting
  3973 | D:6      | Reached XP level 9. HP: 59/59 MP: 9/9
  4185 | D:6      | Found a basalt altar of Yredelemnul.
  4272 | D:6      | Found a snail-covered altar of Cheibriados.
  4637 | D:7      | Reached **** piety under Hepliaklqana
  4681 | D:7      | Noticed Maggie
  4732 | D:6      | Killed Maggie
  4733 | D:6      | Reached skill level 1 in Invocations
  5119 | D:7      | Found a shimmering blue altar of Sif Muna.
  5503 | D:7      | Found Nigay's Book Emporium.
  5741 | D:7      | Found a staircase to the Ecumenical Temple.
  5749 | D:7      | Reached skill level 5 in Fighting
  5781 | D:7      | Noticed an unseen horror
  5800 | D:7      | Killed an unseen horror
  5964 | D:7      | Found a runed translucent door.
  5965 | D:7      | Noticed Crazy Yiuf
  5973 | D:7      | Killed Crazy Yiuf
  6252 | D:8      | Reached XP level 10. HP: 66/66 MP: 13/13
  6335 | D:8      | Found a sparkling altar of Nemelex Xobeh.
  6700 | D:8      | Upgraded the game from 0.28-a0-771-g91a516d0e7 to
                  | 0.28-a0-773-g130ae17fe5
  6867 | D:9      | Noticed a lindwurm
  6868 | D:9      | Noticed a lindwurm
  6868 | D:9      | Noticed a lindwurm
  6872 | D:9      | Noticed a lindwurm
  6888 | D:9      | Killed a lindwurm
  6906 | D:9      | Killed a lindwurm
  6914 | D:9      | Killed a lindwurm
  6915 | D:9      | Reached skill level 5 in Invocations
  6929 | D:9      | Killed a lindwurm
  6930 | D:9      | Reached skill level 6 in Fighting
  7014 | D:9      | Identified the +4 swamp dragon scales "Ymussea" {Rampage
                  | rPois rN+ Dex+3}
  7216 | D:9      | Reached skill level 1 in Long Blades
  7254 | D:9      | Noticed a two-headed ogre
  7262 | D:9      | Killed a two-headed ogre
  7263 | D:9      | Reached skill level 10 in Slings
  7421 | D:9      | Gained mutation: You regenerate magic rapidly. [demonic
                  | ancestry]
  7421 | D:9      | Reached XP level 11. HP: 68/74 MP: 13/15
  8001 | D:9      | Noticed a two-headed ogre
  8018 | D:9      | Killed a two-headed ogre
  8132 | D:9      | Noticed a two-headed ogre
  8148 | D:9      | Killed a two-headed ogre
  8310 | D:10     | Entered Level 10 of the Dungeon
  8376 | D:10     | Found a staircase to the Orcish Mines.
  8692 | D:10     | Noticed a wizard
  8694 | D:10     | Killed a wizard
  8736 | D:10     | Reached ***** piety under Hepliaklqana
  8863 | D:10     | Reached skill level 7 in Fighting
  9296 | D:10     | Noticed a two-headed ogre
  9308 | D:10     | Killed a two-headed ogre
  9309 | D:10     | Reached skill level 5 in Long Blades
  9519 | D:10     | Found a blossoming altar of Fedhas.
  9773 | Orc:1    | Entered Level 1 of the Orcish Mines
  9832 | Orc:2    | Entered Level 2 of the Orcish Mines
  9840 | Orc:2    | Noticed an orc high priest
 10259 | D:11     | Found a staircase to the Lair.
 10363 | D:11     | Noticed a four-headed hydra
 10372 | D:11     | Killed a four-headed hydra
 10436 | D:11     | Reached skill level 5 in Armour
 10676 | D:11     | Noticed a two-headed ogre
 10682 | D:11     | Killed a two-headed ogre
 10749 | D:11     | Gained mutation: You have a tail ending in a sharp stinger.
                  | [demonic ancestry]
 10749 | D:11     | Reached XP level 12. HP: 82/82 MP: 17/17
 10880 | D:11     | Noticed a two-headed ogre
 10891 | D:11     | Killed a two-headed ogre
 11180 | Lair:1   | Entered Level 1 of the Lair of Beasts
 11241 | Lair:1   | Reached skill level 8 in Fighting
 11586 | Lair:1   | Noticed a six-headed hydra
 11600 | Lair:1   | Killed a six-headed hydra
 12087 | Lair:2   | You fall into a shaft and drop 2 floors!
 12169 | Lair:4   | Reached skill level 9 in Fighting
 12201 | Lair:2   | Found a hole to the Spider Nest.
 12220 | Lair:2   | Found a frozen archway.
 12235 | IceCv    | Entered an ice cave
 13947 | IceCv    | Identified the +11 rapier of Tenacity {antimagic, rPois rF+
                  | rCorr Str-2}
 13974 | IceCv    | Noticed a reaper
 14657 | Lair:2   | Noticed a boulder beetle
 14670 | Lair:2   | Killed a boulder beetle
 14768 | Lair:2   | Noticed a six-headed hydra
 14776 | Lair:2   | Killed a six-headed hydra
 15101 | Lair:2   | Found a runed translucent door.
 15109 | Lair:2   | Noticed Conn's ghost (journeyman OpFE)
 15123 | Lair:2   | Killed Conn's ghost
 15124 | Lair:2   | Reached skill level 10 in Fighting
 15124 | Lair:2   | Gained mutation: Spells you cast may paralyse adjacent
                  | enemies. [demonic ancestry]
 15124 | Lair:2   | Reached XP level 13. HP: 92/92 MP: 6/18
 15370 | Lair:3   | Identified a scroll of acquirement
 15371 | Lair:3   | Acquired the ring "Bipyupsun" {+Blink rPois rN+ rCorr}
 15449 | Lair:3   | Reached skill level 5 in Dodging
 15596 | Lair:3   | Reached skill level 10 in Long Blades
 15658 | Lair:3   | Found a staircase to the Swamp.
 16363 | Lair:4   | Reached skill level 11 in Fighting
 16384 | Lair:4   | Noticed Josephine
 16395 | Lair:4   | Killed Josephine
 16510 | Lair:4   | Found a transporter.
 16836 | Lair:4   | Reached ****** piety under Hepliaklqana
 16879 | Lair:4   | Found a one-way gate to the infinite horrors of the Abyss.
 16879 | Lair:4   | Noticed Tessuop's ghost (journeyman VSFi)
 16983 | Lair:4   | Found a transporter.
 17765 | Lair:5   | Found a transporter.
 17769 | Lair:5   | Noticed Soborki's ghost (journeyman MiBe)
 17776 | Lair:5   | Found a transporter.
 17809 | Lair:5   | Reached skill level 12 in Fighting
 18498 | Lair:5   | Gained mutation: Spells you cast may paralyse nearby
                  | enemies. [demonic ancestry]
 18498 | Lair:5   | Reached XP level 14. HP: 104/104 MP: 19/19
 18929 | Lair:6   | Entered Level 6 of the Lair of Beasts
 19088 | Lair:6   | Reached skill level 5 in Short Blades
 19438 | Lair:6   | Reached skill level 13 in Fighting
 19567 | Lair:6   | Found a viscous altar of Jiyva.
 19568 | Lair:6   | Found a staircase to the Slime Pits.
 21164 | Lair:6   | Found a runed translucent door.
 21617 | Lair:6   | Reached skill level 14 in Fighting
 21772 | Lair:6   | Paralysed by a hornet for 3 turns
 22670 | D:12     | Identified the +7 scimitar of the Thieving Pariah {spect,
                  | rN++ Int+3 Dex-4}
 22824 | D:12     | Acquired a manual of Evocations
 23751 | D:12     | Reached skill level 1 in Evocations
 25003 | Orc:1    | Gained mutation: Spells you cast and wands you use may
                  | paralyse nearby enemies. [demonic ancestry]
 25003 | Orc:1    | Reached XP level 15. HP: 45/114 MP: 3/21
 25366 | Orc:2    | Found Gurism's Antique Weapon Shoppe.
 25383 | Orc:2    | Found Ketoefug's General Store.
 26072 | Orc:2    | Found Gucitip's Jewellery Emporium.
 26115 | Orc:2    | Found a staircase to the Elven Halls.
 28216 | Orc:2    | Found Bugyh's Antique Armour Shop.
 29284 | D:13     | Noticed Snorg
 29300 | D:13     | Reached skill level 5 in Evocations
 29429 | D:13     | Noticed Sonja
 29433 | D:13     | Killed Sonja
 29462 | D:13     | Killed Snorg
 29476 | D:13     | Reached skill level 15 in Fighting
 30120 | D:13     | Identified the amulet "Babboneh" {Faith Drain Will+ Str+7}
 30120 | D:13     | Noticed a tengu reaver
 30146 | D:13     | Killed a tengu reaver
 30763 | D:13     | Identified the +2 hunting sling of Cobwebs {vorpal, Fly rF-
                  | SInv Stlth+}
 31460 | D:14     | Found Bahuerik's Distillery.
 31470 | D:14     | Bought a potion of attraction for 57 gold pieces
 31470 | D:14     | Bought a potion of curing for 57 gold pieces
 31470 | D:14     | Bought a potion of haste for 190 gold pieces
 31470 | D:14     | Bought a potion of curing for 57 gold pieces
 31470 | D:14     | Bought a potion of brilliance for 76 gold pieces
 32131 | D:14     | Found a gate to the Vaults.
 32337 | D:15     | Entered Level 15 of the Dungeon
 32354 | D:14     | Reached XP level 16. HP: 89/124 MP: 7/22
 32899 | D:15     | Found Nemotyiw's Antique Armour Emporium.
 33600 | D:15     | Found a staircase to the Depths.
 33616 | D:15     | Slain by an enormous slime creature

Illustrated notes

Levels and vault maps discovered:
D:1:      dpeg_arrival_stonehenge_8_columns, layout_basic,
          basic_ecumenical_altar
D:2:      layout_rooms, uniq_sigmund
D:3:      layout_loops_ring, mainiacjoe_overflow_small_starburst,
          marbit_many_paths, chequers_decorated_corner, corexii_shack,
          minmay_misc_feat_rows, st_stairs_5
D:4:      layout_rooms
D:5:      layout_cave_pools, serial_glass, glass_columns_c, glass_columns_c
D:6:      layout_basic, grunt_temple_overflow_order_and_chaos_1,
          nicolae_vehumet_altar_sigil, cheibrodos_worm_habitat,
          mainiacjoe_overflow_six_doors_small, mainiacjoe_overflow_chevrons,
          kennysheep_nub, serial_bayou_lake_a
D:7:      layout_basic, lemuel_coloured_pillars_altar,
          minmay_temple_entry_crystal_x, serial_shops, shop_fountains,
          uniq_maggie, uniq_crazy_yiuf_cottage
D:8:      layout_cave_pools, lemuel_crystal_altar
D:9:      minmay_octagon_keep, layout_irregular_city, tso_altar,
          serial_column_ruins, column_ruins_square_large,
          column_ruins_columns_straight, column_ruins_open_small,
          column_ruins_corridor_corner, column_ruins_open_tiny,
          column_ruins_grid_3, column_ruins_corridor_corner,
          minmay_lindwurm_lava
D:10:     layout_stronghold, kennysheep_mini_moat, minmay_orc_entry_temple_small
D:11:     layout_loops_ring, david_lair_shrubbed, minmay_misc_feat_cross
D:12:     layout_loops_corners
D:13:     minmay_complete_graph, layout_long_grid, skrybe_limestone_x,
          uniq_sonja, uniq_snorg
D:14:     layout_rooms, grunt_vaults_entry_tiered, serial_shops,
          nicolae_diamond_shop, hangedman_decor_riveting
D:15:     gammafunk_enter_depths_forms, layout_irregular_city,
          chequers_serial_rivers_room_b, serial_shops, shop, grunt_ministairs_10
Lair:1:   minmay_lair_oklob_chamber, layout_regular_city
Lair:2:   layout_cave_pods, nicolae_spider_entry_non_spiders,
          ebering_ghost_reflecting_pool, portal_ice_cave_rime
Lair:3:   layout_long_grid, palyth_hydra_swamp_entry, serial_bayou_shore_a,
          grunt_megastairs_1
Lair:4:   layout_regular_city, gammafunk_ghost_abyssal_escape, pond,
          uniq_josephine
Lair:5:   layout_loops_ring, gammafunk_ghost_arena, grunt_megastairs_2
Lair:6:   hangedman_lair_in_review, layout_loops_ring, wormcave, slime_altar_1
Orc:1:    layout_diamond_mine
Orc:2:    grunt_orc_gardens, layout_diamond_mine, grunt_orc_garden,
          grunt_orc_garden, grunt_orc_garden, grunt_orc_garden,
          nicolae_orc_lava_tube

Skill      XL: |  1  2  3  4  5  6  7  8  9 10 11 12 13 14 15 16 |
---------------+-------------------------------------------------+-----
Stealth        | 4 5 6 |  6.1
Short Blades   | 2 3 4 6 8 |  8.6
Slings         | 1 2 3 5 6 8 10 11 | 11.9
Dodging        | 1 2 3 4 6 7 8 |  8.2
Throwing       | 2 |  2.3
Armour         | 1 2 3 5 6 7 8 9 |  9.9
Fighting       | 3 4 5 6 7 10 12 14 15 | 15.9
Shields        | 2 3 4 |  4.0
Invocations    | 4 6 7 8 9 |  9.0
Long Blades    | 2 6 9 11 | 11.4
Evocations     | 2 7 8 |  8.4

Action                   |  1- 3 |  4- 6 |  7- 9 | 10-12 | 13-15 | 16-18 || total
-------------------------+-------+-------+-------+-------+-------+-------++-------
Melee: Dagger            |    41 |    82 |   122 |   370 |    10 |       ||   625
       Tailslap          |       |    11 |    23 |    80 |   158 |    11 ||   283
       Rapier            |       |       |       |    53 |   765 |    67 ||   885
       Falchion          |       |       |       |       |     8 |       ||     8
 Fire: Hunting sling     |     9 |    47 |   200 |   454 |   891 |    16 ||  1617
Throw: Boomerang         |       |       |       |     2 |     3 |       ||     5
       Throwing net      |       |       |       |       |     3 |       ||     3
       Dart              |       |       |       |       |     2 |       ||     2
       Javelin           |       |       |       |       |     1 |       ||     1
       Stone             |       |       |       |       |     1 |       ||     1
Invok: Ancestor Identity |     1 |       |       |       |       |       ||     1
       Ancestor Life: He |       |     1 |       |       |       |       ||     1
       Recall Ancestor   |       |       |     1 |     3 |     7 |       ||    11
       Idealise          |       |       |       |     2 |     8 |       ||    10
       Transference      |       |       |       |     1 |       |       ||     1
Evoke: Wand              |       |       |       |     1 |     1 |       ||     2
       Box of beasts     |       |       |       |       |     1 |       ||     1
  Use: Scroll            |       |       |     1 |     8 |    23 |     2 ||    34
       Potion            |       |       |       |     1 |     4 |       ||     5
 Stab: Sleeping          |     5 |     8 |     1 |     7 |     6 |     4 ||    31
       Confused          |       |     1 |     3 |     5 |    13 |       ||    22
       Distracted        |       |       |     2 |    13 |    11 |     2 ||    28
       Paralysed         |       |       |       |       |     7 |     1 ||     8
       Held in net/web   |       |       |       |       |     1 |       ||     1
Armor: Robe              |    11 |     6 |       |       |       |       ||    17
       Ring mail         |       |    35 |    38 |     3 |       |       ||    76
       Swamp dragon scal |       |       |       |   132 |   318 |    13 ||   463
Dodge: Dodged            |    23 |    46 |    68 |   151 |   384 |    16 ||   688
Block: Buckler           |       |       |    19 |    76 |   164 |    10 ||   269

Table legend: (Time is in decaauts)
 A = Elapsed time spent in this place.
 B = Non-inter-level travel time spent in this place.
 C = Inter-level travel time spent in this place.
 D = Time resting spent in this place.
 E = Time spent auto-exploring this place.
 F = Levels seen in this place.
 G = Mean time per level.
                   A        B        C        D        E       F      G
               +--------+--------+--------+--------+--------+-----+--------+
         Total |  32700 |  31544 |   1156 |  10306 |   3146 |  24 | 1362.5 |
       Dungeon |  17574 |  16805 |    769 |   4035 |   2430 |  15 | 1171.6 |
          Lair |   9015 |   8681 |    334 |   2765 |    597 |   6 | 1502.5 |
  Orcish Mines |   4301 |   4249 |     52 |   2273 |    119 |   2 | 2150.5 |
      Ice Cave |   1807 |   1807 |      0 |   1233 |      0 |   1 | 1807.0 |
               +--------+--------+--------+--------+--------+-----+--------+

Top non-repeatable levels by time:
  Lair:6: 2988 daAuts
    D:13: 2389 daAuts
   Orc:1: 2328 daAuts
   Orc:2: 1973 daAuts
    D:12: 1922 daAuts
   IceCv: 1807 daAuts
    D:10: 1771 daAuts
     D:9: 1500 daAuts
     D:7: 1392 daAuts
    D:14: 1370 daAuts
  Lair:2: 1281 daAuts
     D:6: 1251 daAuts
  Lair:3: 1233 daAuts
  Lair:4: 1215 daAuts
  Lair:5: 1197 daAuts
